 Dungeon Crawl Stone Soup version 0.27.1-33-g824d729ab1 (webtiles) character file.

Game seed: 10487912060677878317

230 McKennaii the Magician (level 5, 0/38 HPs)
             Began as a Demigod Conjurer on Dec 12, 2021.
             Killed from afar by an orc wizard (8 damage)
             ... with a magic dart
             ... on level 4 of the Dungeon.
             The game lasted 00:02:39 (4066 turns).

McKennaii the Magician (Demigod Conjurer)           Turns: 4066, Time: 00:02:39

Health: 0/38       AC:  3    Str:  8    XL:     5   Next: 43%
Magic:  4/15       EV: 27    Int: 24    God:
Gold:   154        SH:  0    Dex: 12    Spells: 7/14 levels left

rFire    . . .     SeeInvis .   (no weapon)
rCold    . . .     Faith    .   (no shield)
rNeg     . . .     Spirit   .   a - +0 robe
rPois    .         Reflect  .   m - +0 helmet
rElec    .         Harm     .   (no cloak)
rCorr    .         Rampage  .   (no gloves)
Will     +....                  (no boots)
Stlth    ++........             f - amulet of the acrobat
HPRegen  0.12/turn              l - ring of willpower
MPRegen  0.14/turn              (no ring)

@: acrobatic
A: high mp 1, forlorn
a: no special abilities


You were on level 4 of the Dungeon.
You visited 1 branch of the dungeon, and saw 4 of its levels.

You collected 154 gold pieces.

Inventory:

Armour
 a - a +0 robe (worn)
 i - +0 fire dragon scales
 m - a +0 helmet (worn)
Jewellery
 f - an amulet of the acrobat (around neck)
 l - a ring of willpower (left hand)
 n - a ring of fire
Wands
 o - a wand of paralysis (6)
Scrolls
 b - 3 scrolls of amnesia {unknown}
 c - 5 scrolls of identify {unknown}
 d - a scroll of torment {unknown}
 e - a scroll of summoning {unknown}
 j - 2 scrolls of immolation {unknown}
 k - a scroll of fear {unknown}
 p - a scroll of enchant weapon {unknown}
Potions
 g - a potion of resistance {unknown}
 h - a potion of brilliance {unknown}


   Skills:
 - Level 1.7 Dodging
 - Level 1.7 Stealth
 + Level 5.1 Spellcasting
 - Level 3.6 Conjurations


You had 7 spell levels left.
You knew the following spells:

 Your Spells              Type           Power      Damage    Failure   Level
a - Magic Dart            Conj           92%        1d7       1%          1
b - Searing Ray           Conj           46%        3d4       3%          2
c - Iskenderun's Mystic   Conj/Tloc      14%        2d5       38%         4

Your spell library contained the following spells:

 Spells                   Type           Power      Damage    Failure   Level
 Dazzling Flash           Conj/Hex       28%        N/A       12%         3
 Tukima's Dance           Hex            6%         N/A       26%         3
 Fulminant Prism          Conj/Hex       7%         3d7       38%         4
 Passage of Golubria      Tloc           N/A        N/A       65%         4
 Yara's Violent Unravell  Hex/Tmut       3%         3d4       94%         5


Dungeon Overview and Level Annotations

Branches:
Dungeon (4/15)
 Temple: D:4-7


Innate Abilities, Weirdness & Mutations

Your attributes grow dramatically as you level up.
You have an increased reservoir of magic. (+10% MP)
You shall have no god before yourself.


Message History

The orc wizard is severely wounded.
Unknown command.
The searing ray hits the orc wizard!
You kill the orc wizard!
The searing ray hits something.
Your Spellcasting skill increases to level 5!
Unknown command.
Something barely misses you.
Your magical contamination has completely faded away.
There is a strange disturbance nearby!
Casting: Searing Ray (safe; 3% risk of failure)
Confirm with . or Enter, or press ? or * to list all spells.
Aiming: Searing Ray (safe; 3% risk of failure)
Press: ? - help, Shift-Dir - straight line, f - you That beam is likely to hit you.
Continue anyway?
Okay, then.
Casting: Searing Ray (safe; 3% risk of failure)
Confirm with . or Enter, or press ? or * to list all spells.
Aiming: Searing Ray (safe; 3% risk of failure)
Press: ? - help, Shift-Dir - straight line The searing ray hits something! (Press . to maintain the ray.)
Something hits you.
Unknown command.
Something misses you.
Unknown command.
You hear some strange, mumbled words.
A magic dart appears from out of thin air!
The magic dart hits you.
Unknown command.
There is an open door here.
A magic dart appears from out of thin air!
The magic dart hits you.
There is an open door here.
A magic dart appears from out of thin air!
The magic dart hits you!
* * * LOW HITPOINT WARNING * * *
A magic dart appears from out of thin air!
The magic dart hits you!
You die...

####'##
######.##
#.......#
#.####..#
#{#
#.....
#.#
##......
#.#
##.###
####.#
...
#<.@.#
###.
######


There were no monsters in sight!

Vanquished Creatures
  An ogre (D:3)
  An orc wizard (D:4)
  A gnoll (D:1)
  4 adders
  A worm (D:2)
  3 orcs
  9 ball pythons
  7 endoplasms
  3 giant cockroaches
  6 goblins
  6 hobgoblins
  4 jackals
  4 quokkas
  4 bats
  4 frilled lizards
  7 kobolds
  6 rats
71 creatures vanquished.

Vanquished Creatures (others)
  A human (D:3)
1 creature vanquished.

Grand Total: 72 creatures vanquished

Notes
Turn   | Place    | Note
-------+----------+-------------------------------------------
     0 | D:1      | McKennaii the Demigod Conjurer began the quest for the Orb.
     0 | D:1      | Reached XP level 1. HP: 14/14 MP: 5/5
    60 | D:1      | Reached skill level 2 in Spellcasting
   207 | D:1      | Reached XP level 2. HP: 20/20 MP: 4/8
   321 | D:1      | Learned a level 2 spell: Searing Ray
   658 | D:1      | Reached skill level 3 in Spellcasting
   926 | D:1      | Reached XP level 3. HP: 26/26 MP: 5/10
  2209 | D:2      | Reached XP level 4. HP: 33/33 MP: 7/12
  2256 | D:2      | Learned a level 4 spell: Iskenderun's Mystic Blast
  2533 | D:3      | Reached skill level 4 in Spellcasting
  2754 | D:3      | Noticed a human
  2755 | D:3      | Killed a human
  2817 | D:3      | Noticed a +0 dagger
  2826 | D:3      | Noticed a +0 hand axe
  3237 | D:3      | Noticed an ogre
  3241 | D:3      | Killed an ogre
  3242 | D:3      | Reached XP level 5. HP: 38/38 MP: 9/15
  4038 | D:4      | Reached skill level 5 in Spellcasting
  4066 | D:4      | Killed from afar by an orc wizard

Illustrated notes

Levels and vault maps discovered:
D:1:      mrwooster_arrival_statue, layout_loops_ring,
          shapermc_ecumenical_altar_pompeii
D:2:      cheibrodos_helix_gallery, layout_basic
D:3:      layout_basic, tgw_kikubaaqudgha, dancing_weapons_uskayaw,
          minmay_between
D:4:      layout_basic, hangedman_decor_peaks_small, uniq_menkaure

Skill      XL: |  1  2  3  4  5 |
---------------+----------------+-----
Spellcasting   | 2 3 4 5 |  5.1
Dodging        | |  1.7
Stealth        | |  1.7
Conjurations   | |  3.6

Action                   |  1- 3 |  4- 6 || total
-------------------------+-------+-------++-------
 Cast: Magic Dart        |    90 |    59 ||   149
       Searing Ray       |     2 |     6 ||     8
Armor: Robe              |     1 |     1 ||     2
Dodge: Dodged            |     2 |    13 ||    15
